 Dungeon Crawl Stone Soup version 0.23-a0-550-g7de1f8e (webtiles) character file.

62 MisterFreud the Conjurer (level 4, -1/36 HPs)
             Began as a Naga Fire Elementalist on Dec 8, 2018.
             Slain by an adder (3 damage)
             ... on level 2 of the Dungeon.
             The game lasted 00:04:29 (1483 turns).

MisterFreud the Conjurer (Naga Fire Elementalist)   Turns: 1483, Time: 00:04:30

Health: -1/36      AC:  2    Str: 11    XL:     4   Next: 8%
Magic:  4/7        EV: 10    Int: 16    God:
Gold:   79         SH:  0    Dex: 11    Spells: 6/7 levels left

rFire    . . .     SeeInvis +   g - +0 spear (freeze)
rCold    . . .     Gourm    +   (no shield)
rNeg     . . .     Faith    .   a - +0 robe
rPois    +         Spirit   .   (no helmet)
rElec    .         Reflect  .   (no cloak)
rCorr    .         Harm     .   (no gloves)
MR       .....                  (no barding)
Stlth    ++........             l - amulet of the gourmand
HPRegen  0.12/turn              (no ring)
MPRegen  0.10/turn              (no ring)

@: lethally poisoned (-1 -> -3), invisible, very slow
A: large, see invisible, deformed body, poison resistance, slowness 2, slow
metabolism 1, spit poison 1, AC +1
a: Spit Poison


You were on level 2 of the Dungeon.
You were very full.

You visited 1 branch of the dungeon, and saw 2 of its levels.

You collected 79 gold pieces.

Inventory:

Hand Weapons
 b - a +0 dagger
 g - a +0 spear of freezing (weapon)
Missiles
 f - 26 stones (quivered)
 j - 18 arrows
 k - 15 sling bullets
 p - 18 poisoned needles
Armour
 a - a +0 robe (worn)
Jewellery
 l - an amulet of the gourmand (around neck)
Scrolls
 e - a scroll of identify {unknown}
 h - a scroll of remove curse {unknown}
 m - 2 scrolls of fog {unknown}
 o - a scroll of enchant armour {unknown}
Potions
 i - a potion of agility {unknown}
 n - a potion of resistance {unknown}
Comestibles
 c - 2 rations


   Skills:
 - Level 1.5 Dodging
 - Level 3.0 Stealth
 - Level 2.0 Spellcasting
 + Level 3.4 Conjurations
 + Level 3.4 Fire Magic


You had 6 spell levels left.
You knew the following spells:

 Your Spells              Type           Power        Failure   Level  Hunger
a - Flame Tongue          Conj/Fire      ##...        4%          1    #......

Your spell library contained the following spells:

 Spells                   Type           Power        Failure   Level  Hunger
 Throw Flame              Conj/Fire      ##....       8%          2    ###....
 Conjure Flame            Conj/Fire      ##......     16%         3    ###....
 Inner Flame              Hex/Fire       #.......     30%         3    ###....
 Sticky Flame             Conj/Fire      ##......     45%         4    #####..
 Fireball                 Conj/Fire      ##........   80%         5    ######.


Dungeon Overview and Level Annotations

Branches:
Dungeon (2/15)

Altars:


Innate Abilities, Weirdness & Mutations

You cannot wear boots.
Your serpentine skin is tough. (AC +1)
You have supernaturally acute eyesight. (SInv)
Armour fits poorly on your strangely shaped body.
Your system is resistant to poisons. (rPois)
You cover ground very slowly.
You have a slow metabolism.
You can spit poison.


Message History

Press: ? - help, Shift-Dir - straight line, f/p - adder
Aim: an adder (severely wounded)
The flame tongue hits the adder.
The adder is almost dead.
You kill the goblin!
The adder bites you.
* * * LOW HITPOINT WARNING * * *
The adder bites you.
* * * LOW HITPOINT WARNING * * *
You can't do that yet.
You barely miss the adder.
The adder is almost dead.
The adder barely misses you.
Unknown command.
It was a potion of invisibility.
You fade into invisibility!
You have got your breath back.
* * * LOW HITPOINT WARNING * * *
You feel sick. The adder bites you.
You die...

#.........# ###
#####.........# #..
#.....).......# ######
#.........†...# #<##..
#.............# #.##..
..........÷##### ##'##..
###########.########......
#....#........+...>.. #
#.@#....#####......
#.##S#.##.# #......
#...b)g##.# #......
.####[#....###########
..............#
.####..)......#
+........... #...........
#...........


You could see an adder and a bat.

Vanquished Creatures
  An adder (D:2)
  An ooze (D:1)
  2 dart slugs
  2 ball pythons (D:1)
  4 bats
  2 giant cockroaches (D:1)
  7 goblins
  7 hobgoblins
  5 kobolds (D:1)
  A quokka (D:2)
  6 frilled lizards
  3 rats
41 creatures vanquished.

Notes
Turn   | Place    | Note
-------+----------+-------------------------------------------
     0 | D:1      | MisterFreud the Naga Fire Elementalist began the quest for
                  | the Orb.
     0 | D:1      | Reached XP level 1. HP: 15/15 MP: 3/3
   182 | D:1      | Reached XP level 2. HP: 22/22 MP: 0/5
   686 | D:1      | Reached XP level 3. HP: 28/28 MP: 6/6
  1434 | D:2      | Reached XP level 4. HP: 25/36 MP: 7/7
  1483 | D:2      | Slain by an adder

Vault maps used:
D:1:      mushboom_english_gardens, minmay_pentomino_z4
D:2:      nicolae_qazlal_style_of_elements

Skill      XL: |  1  2  3 |
---------------+----------+-----
Conjurations   | 2 3 |  3.4
Dodging        | |  1.5
Stealth        | |  3.0
Spellcasting   | |  2.0
Fire Magic     | |  3.4

Action                   |  1- 3 |  4- 6 || total
-------------------------+-------+-------++-------
Melee: Dagger            |     8 |       ||     8
       Spear             |    22 |     6 ||    28
 Cast: Flame Tongue      |    29 |     3 ||    32
 Abil: Spit Poison       |    28 |     1 ||    29
  Use: Potion            |       |     1 ||     1
 Stab: Sleeping          |     2 |       ||     2
  Eat: Chunk             |    13 |     1 ||    14
Armor: Robe              |     4 |     5 ||     9
Dodge: Dodged            |    14 |     7 ||    21

Table legend:
 A = Non-vault XP
 B = Vault XP
 C = Vault XP percentage of total XP
 D = Non-vault monster count
 E = Vault monster count
 F = Vault count percentage of total count
                 A         B        C        D         E       F
            +---------+---------+-------+---------+---------+-------
      Total |      83 |       6 |   6.7 |      37 |       4 |   9.8
            +---------+---------+-------+---------+---------+-------
        D:1 |      48 |       6 |  11.1 |      24 |       4 |  14.3
        D:2 |      35 |       0 |   0.0 |      13 |       0 |   0.0
            +---------+---------+-------+---------+---------+-------
